 Dungeon Crawl Stone Soup version 0.20.1-1-g8b1a95d (webtiles) character file.

2853 dara the Vandal (level 9, -5/79 HPs)
             Began as a Minotaur Monk on Dec 29, 2017.
             Was an Elder of Okawaru.
             Slain by a two-headed ogre
             ... wielding a +0 giant club
              (12 damage)
             ... on level 8 of the Dungeon.
             The game lasted 01:24:50 (6559 turns).

dara the Vandal (Minotaur Monk)                     Turns: 6559, Time: 01:24:53

Health: -5/79      AC:  8    Str: 24    XL:     9   Next: 46%
Magic:  8/8        EV: 17    Int: 12    God:    Okawaru [****..]
Gold:   227        SH:  0    Dex: 14    Spells: 7/8 levels left

rFire    . . .     SeeInvis .   e - +3 mace "Olefen" {speed, Str+5}
rCold    . . .     Gourm    .   (no shield)
rNeg     . . .     Faith    .   A - +1 ring mail of Death Resistance {*Corrode *Slow MR+++ Slay+5}
rPois    .         Spirit   .   (helmet restricted)
rElec    +         Reflect  .   (no cloak)
rCorr    .         Harm     .   v - +0 pair of gloves
MR       +++..     Rnd*Rage +   (no boots)
Stlth    ++........             (no amulet)
Regen    0.3/turn               d - +2 ring of dexterity
MPRegen  0.2/turn               J - ring of Ehim {rElec EV+4 Int+4}

@: drained
A: retaliatory headbutt, horns 2, berserk 1
a: Heroism, Renounce Religion


You were on level 8 of the Dungeon.
You worshipped Okawaru.
Okawaru was greatly pleased with you.
You were not hungry.

You visited 1 branch of the dungeon, and saw 8 of its levels.

You collected 383 gold pieces.
You spent 156 gold pieces at shops.

Inventory:

Hand Weapons
 e - the +3 mace "Olefen" (weapon) {speed, Str+5}
   (You found it on level 4 of the Dungeon)

   Attacks with this weapon are significantly faster.
   It affects your strength (+5).
 o - a +6 dagger
 r - the +2 hunting sling of Luxury {velocity, Str+2 Dex+2 SInv}
   (You bought it in a shop on level 4 of the Dungeon)

   Any stone fired from it inflicts extra damage.
   It affects your strength (+2).
   It affects your dexterity (+2).
   It lets you see invisible.
 D - a +1 dagger of draining
 F - a +0 dagger of venom
 H - a +0 shortbow
 Q - a +2 flail of freezing
 R - a +3 scimitar
 T - a +2 spear
Missiles
 a - 24 poisoned needles
 j - 60 arrows
 p - 61 sling bullets
 z - 9 tomahawks (quivered)
 E - 68 bolts
Armour
 v - a +0 pair of gloves (worn)
 A - the +1 ring mail of Death Resistance (worn) {*Corrode *Slow MR+++ Slay+5}
   (You found it on level 4 of the Dungeon)

   It affects your accuracy and damage with ranged weapons and melee attacks
   (+5).
   It affects your resistance to hostile enchantments.
   It may corrode you when you take damage.
   It may slow you when you take damage.
 C - a +1 scale mail of cold resistance
Magical Staves
 P - an uncursed staff of wizardry
Jewellery
 d - a +2 ring of dexterity (left hand)
 n - an uncursed ring of stealth
 G - an uncursed ring of ice
 J - the ring of Ehim (right hand) {rElec EV+4 Int+4}
   (You found it on level 5 of the Dungeon)

   [ring of evasion]

   It affects your evasion (+4).
   It affects your intelligence (+4).
   It insulates you from electricity.
Wands
 i - a wand of acid (6/15)
 l - a wand of digging (11/24)
Scrolls
 u - a scroll of remove curse
 y - 5 scrolls of teleportation
 I - a scroll of random uselessness {unknown}
 K - a scroll of amnesia {unknown}
 L - a scroll of brand weapon {unknown}
 N - a scroll of blinking
 O - a scroll of holy word {unknown}
 S - a scroll of enchant weapon {unknown}
Potions
 f - a potion of mutation {unknown}
 g - 3 potions of haste
 h - 5 potions of curing
 k - 2 potions of ambrosia {unknown}
 m - 7 potions of heal wounds {unknown}
 q - a potion of flight {unknown}
 x - a potion of might {unknown}
 M - a potion of brilliance {unknown}
Books
 b - a book of Cantrips

   Spells                             Type                      Level
   a - Confusing Touch                Hexes                        1
   b - Animate Skeleton               Necromancy                   1
   c - Summon Small Mammal            Summoning                    1
   d - Apportation                    Translocation                1
 t - a book of Changes

   Spells                             Type                      Level
   a - Beastly Appendage              Transmutation                1
   b - Sticks to Snakes               Transmutation                2
   c - Spider Form                    Transmutation/Poison         3
   d - Ice Form                       Ice/Transmutation            4
   e - Blade Hands                    Transmutation                5
Comestibles
 c - 7 bread rations
 s - 4 meat rations
 w - 3 fruits
 U - 4 royal jellies


   Skills:
 + Level 7.1(6.8) Fighting
 + Level 3.2(2.9) Short Blades
   Level 5.3(5.9) Axes
 + Level 5.0(5.7) Maces & Flails
 + Level 7.8(7.7) Slings
 + Level 2.4(4.8) Throwing
 + Level 5.1(4.8) Armour
 + Level 5.0(4.6) Dodging
 + Level 3.1(2.8) Stealth
 + Level 0.3(0.0) Spellcasting
 + Level 0.4(0.1) Invocations
 + Level 0.6(0.3) Evocations


You had 7 spell levels left.
You knew the following spells:

 Your Spells              Type           Power        Failure   Level  Hunger
a - Beastly Appendage     Tmut           #.....       45%         1    ##.....


Dungeon Overview and Level Annotations

Branches:
Dungeon (8/15)             Temple (0/1) D:5
   Lair: D:8-11

Altars:
Fedhas
Hepliaklqana
Kikubaaqudgha
Makhleb
Okawaru
Qazlal
Ru
Sif Muna
Yredelemnul
Zin

Shops:
D:4 (


Innate Abilities, Weirdness & Mutations

You reflexively headbutt those who attack you in melee.
You have a pair of horns on your head.
You tend to lose your temper in combat.


Message History

Your headbutt misses the two-headed ogre.
The two-headed ogre is moderately wounded.
The two-headed ogre hits you with a giant club!!
* * * LOW HITPOINT WARNING * * *
The two-headed ogre hits you but does no damage.
An orc wizard comes into view. It is wielding a dagger.
You feel better. The wight misses you. The orc barely misses you.
You furiously retaliate!
You headbutt the orc!
You kill the orc!
Okawaru accepts your kill. The wight hits you but does no damage.
Found a robe.
A jackal comes into view.
The jackal barks!
You thump the bullfrog skeleton!
The bullfrog skeleton is heavily damaged.
The two-headed ogre hits you with a giant club!!
* * * LOW HITPOINT WARNING * * *
The two-headed ogre hits you with a giant club!
You die...

... ###### ...
<....# ..# .(...#
#.. .....#
.####.. .....#.
.h..... ##.......
.......##<...o#
......Z@Oco...#
........####.....
####(..z[ ..#.
#...#.# ... ....#
.# .. ..... .. .
...... #. ......
..


You could see a two-headed ogre, a centaur, a wight, an orc wizard, an orc, a
jackal and a bullfrog skeleton.

Vanquished Creatures
  4 hogs (D:7)
  A human (D:7)
  An orc warrior (D:6)
  2 ice beasts (D:7)
  A sky beast (D:6)
  A hornet zombie (D:4)
  2 ogres
  2 centaurs
  2 bullfrogs
  A wyvern skeleton (D:7)
  A water moccasin skeleton (D:4)
  4 wights (D:7)
  2 howler monkeys (D:4)
  2 crimson imps
  3 bullfrog zombies
  3 hounds
  4 orc priests
  A gnoll shaman (D:5)
  A bullfrog skeleton (D:3)
  7 orc wizards
  Ijyb (D:3)
  4 worker ants
  A hound skeleton (D:5)
  3 gnolls (D:5)
  3 adders
  An ooze (D:6)
  5 leopard geckos
  26 orcs
  2 ball pythons
  2 bats (D:1)
  6 giant cockroaches
  3 goblins
  8 hobgoblins
  13 jackals
  4 kobolds
  2 quokkas
  5 frilled lizards
  A leopard gecko zombie (D:5)
  6 rats
141 creatures vanquished.

Vanquished Creatures (others)
  4 toadstools (D:1)
4 creatures vanquished.

Grand Total: 145 creatures vanquished

Notes
Turn   | Place    | Note
-------+----------+-------------------------------------------
     0 | D:1      | dara the Minotaur Monk began the quest for the Orb.
     0 | D:1      | Reached XP level 1. HP: 19/19 MP: 0/0
   320 | D:1      | Reached XP level 2. HP: 27/27 MP: 1/1
  1063 | D:2      | Found a sacrificial altar of Ru.
  1065 | D:2      | Found a blossoming altar of Fedhas.
  1180 | D:2      | Found an iron altar of Okawaru.
  1182 | D:2      | Found a hazy altar of Hepliaklqana.
  1386 | D:2      | Found an ancient bone altar of Kikubaaqudgha.
  1431 | D:2      | Found a faded altar of an unknown god.
  1634 | D:3      | Reached XP level 3. HP: 33/33 MP: 2/2
  1693 | D:3      | Learned a level 1 spell: Beastly Appendage
  1978 | D:3      | Noticed Ijyb
  1990 | D:3      | Killed Ijyb
  1990 | D:3      | Reached skill level 1 in Armour
  1990 | D:3      | Reached XP level 4. HP: 37/40 MP: 3/3
  2083 | D:3      | Found a stormy altar of Qazlal.
  2315 | D:2      | Became a worshipper of Warmaster Okawaru
  2315 | D:2      | Reached * piety under Okawaru
  2315 | D:2      | Reached ** piety under Okawaru
  2828 | D:4      | Reached skill level 5 in Axes
  2828 | D:4      | Reached XP level 5. HP: 42/47 MP: 4/4
  2851 | D:4      | Got an emerald-encrusted ring mail
  2862 | D:4      | Identified the +1 ring mail of Death Resistance {*Corrode *Slow MR+++ Slay+5} (You found it on level 4 of the Dungeon)
  2890 | D:4      | Reached skill level 1 in Short Blades
  3088 | D:4      | Reached skill level 1 in Throwing
  3118 | D:4      | Reached XP level 6. HP: 39/53 MP: 5/5
  3399 | D:4      | Found Peurem's Antique Weapon Shop.
  3435 | D:4      | Bought a smoking hunting sling for 156 gold pieces
  3435 | D:4      | Identified the cursed +2 hunting sling of Luxury {velocity, Str+2 Dex+2 SInv} (You bought it in a shop on level 4 of the Dungeon)
  3486 | D:4      | Got a pitted mace
  3498 | D:4      | Identified the +3 mace "Olefen" {speed, Str+5} (You found it on level 4 of the Dungeon)
  3553 | D:4      | Reached skill level 5 in Fighting
  3553 | D:4      | Reached XP level 7. HP: 61/61 MP: 6/6
  3739 | D:5      | Entered Level 5 of the Dungeon
  3821 | D:5      | Reached *** piety under Okawaru
  3899 | D:5      | Reached skill level 1 in Slings
  4021 | D:5      | Found a basalt altar of Yredelemnul.
  4377 | D:5      | Found a staircase to the Ecumenical Temple.
  4530 | D:5      | Reached XP level 8. HP: 68/68 MP: 7/7
  4534 | D:5      | Reached skill level 1 in Maces & Flails
  4580 | D:5      | Got a clouded silver ring
  4582 | D:5      | Identified the ring of Ehim {rElec EV+4 Int+4} (You found it on level 5 of the Dungeon)
  4874 | D:5      | Found a burning altar of Makhleb.
  5012 | D:6      | Found a glowing silver altar of Zin.
  5191 | D:6      | Found a deep blue altar of Sif Muna.
  5313 | D:6      | Reached skill level 5 in Slings
  5336 | D:6      | Gained mutation: You tend to lose your temper in combat. [mutagenic meat]
  5656 | D:7      | Reached **** piety under Okawaru
  5990 | D:7      | Reached XP level 9. HP: 78/78 MP: 8/8
  6261 | D:7      | Received a gift from Okawaru
  6261 | D:7      | Reached skill level 5 in Dodging
  6265 | D:7      | Reached skill level 5 in Armour
  6266 | D:7      | Reached skill level 5 in Maces & Flails
  6532 | D:8      | Noticed a two-headed ogre
  6559 | D:8      | Slain by a two-headed ogre

Skill      XL: |  1  2  3  4  5  6  7  8  9 |
---------------+----------------------------+-----
Axes           | 4 5 |  5.3
Fighting       | 4 5 6 7 |  7.1
Armour         | 1 2 3 4 5 |  5.1
Dodging        | 4 5 |  5.0
Stealth        | 2 3 |  3.1
Short Blades   | 1 2 3 |  3.2
Throwing       | 1 2 |  2.4
Slings         | 3 6 7 |  7.8
Maces & Flails | 2 5 |  5.0
Spellcasting   | |  0.3
Invocations    | |  0.4
Evocations     | |  0.6

Action                   |  1- 3 |  4- 6 |  7- 9 || total
-------------------------+-------+-------+-------++-------
Melee: Hand axe          |    60 |       |       ||    60
       Headbutt          |    13 |    11 |    17 ||    41
       Dagger            |    15 |    55 |       ||    70
       Mace              |       |       |    78 ||    78
 Fire: Hunting sling     |       |     4 |    92 ||    96
Throw: Tomahawk          |     3 |     9 |     5 ||    17
       Stone             |     1 |       |       ||     1
       Throwing net      |       |     2 |       ||     2
Invok: Heroism           |       |       |     1 ||     1
Evoke: Wand              |       |       |     2 ||     2
  Use: Scroll            |       |     1 |     6 ||     7
       Potion            |       |       |     1 ||     1
 Stab: Sleeping          |     3 |       |       ||     3
  Eat: Bread ration      |     1 |       |       ||     1
       Chunk             |       |     3 |     5 ||     8
       Meat ration       |       |     1 |       ||     1
       Fruit             |       |       |     1 ||     1
Armor: Robe              |     4 |       |       ||     4
       Scale mail        |    19 |     6 |       ||    25
       Ring mail         |       |     8 |    16 ||    24
Dodge: Dodged            |    47 |    38 |    64 ||   149
